woodfighter, chaotic female giant Ranger -- --.----- --....|.-- |........| |........-- -......| --..<..-| |....-.@| -......aa. |............ |............- --...........| ---.|.......- ---......-. ....... ........| ---.---.-- --- -- woodfighter the Ranger Experience level: 6 Strength: 19 Dexterity: 12 Constitution: 16 Intelligence: 13 Wisdom: 13 Charisma: 7 Health: 0(38) Energy: 22(22) Def: 16 Gold: 0 Moves: 7483 Dungeon seed [set]: Game ID: woodfighter_1678404505 Your Inventory: Weapons a - a blessed +2 sling (weapon in hand) f - 7 blessed +0 arrows J - 77 uncursed +0 arrows Armor g - an uncursed +0 pair of high boots (being worn) h - an uncursed +0 dwarvish cloak H - an uncursed +0 dwarvish cloak M - a blessed +1 helmet N - an uncursed +2 dented pot (being worn) V - an uncursed +0 dwarvish cloak W - an uncursed +0 dwarvish roundshield Y - a blessed +1 large shield (being worn) Comestibles d - 2 uncursed tins of spinach m - an uncursed sprig of wolfsbane E - 2 uncursed lembas wafers Wands P - an uncursed wand of fire (0:7) Tools s - an uncursed sack K - an uncursed magic marker (0:43) Gems e - 35 uncursed flints (in quiver) A - 2 uncursed worthless pieces of orange glass O - 2 uncursed worthless pieces of white glass Z - an uncursed amber Boulders/Statues i - an uncursed boulder n - an uncursed boulder q - an uncursed boulder r - an uncursed boulder y - an uncursed boulder z - an uncursed boulder Contents of the sack: 20 gold pieces a [uncursed] potion of object detection a [uncursed] potion of sleeping a [uncursed] ring of sustain ability 3 [uncursed] tallow candles [0:200] a [uncursed] wax candle [0:400] Spells and supernatural/magical abilities: Name Level Category Fail Memory W - pray for help -- divine ? -- Your skills at the end: Miscellaneous Skills wands [Basic] Weapon Skills two-handed sword [Basic] sling [Basic] Spellcasting Skills Final Attributes: You were devoutly aligned. You were telepathic. You had automatic searching. You had infravision. You were somewhat stealthy. You are dead. Vanquished creatures: a housecat a raven a baby crocodile a wood nymph 3 ponies 2 fog clouds a shrieker 3 gnome lords a gnomish wizard a straw golem a giant ant a puppy a floating eye 5 dwarves 2 rothes a jitterbug a giant bat a werejackal 2 coyotes a gas spore 3 hobbits 3 acid blobs a large kobold 2 geckos 2 giant rats a cave spider a red mold 16 gnomes 2 garter snakes 10 jackals 2 foxes a kobold 8 newts a sewer rat 9 grid bugs 5 lichens a kobold zombie 99 creatures vanquished. Voluntary challenges: You did not adorn yourself with jewelry or accessories. You did not cause conflict. You were not invisible. You did not have reflection. You were not displaced. You did not donate to any temples.. You never hit with a wielded weapon. You did not apply a unicorn horn. You did not use plumbed fixtures. You did not drink any magical draughts. You were illiterate. You never genocided any monsters. You never polymorphed an object. You never changed form. You used no wishes. You did not use any artifacts. You never split a pudding. You never wrote Elbereth's name. You never violated your personal moral code. You enabled loading special bones files. Dungeon overview: The Dungeons of Doom: levels 1 to 5 Level 1 a long staircase Level 2 (water + box) a vault, an altar to Mars, some fountains Level 3 a delicatessen, a fountain Level 4 (stash) a vault, an altar to Venus stairs to The Gnomish Mines Level 5 (box) a fountain The Gnomish Mines: levels 5 to 7 Level 5 stairs to The Dungeons of Doom Level 6 Level 7 <- You were here History has recorded: On T:1 you entered the Dungeons of Doom to retrieve the Amulet of Yendor! On T:254 you reached level 2 of The Dungeons of Doom. On T:868 you reached level 3 of The Dungeons of Doom. On T:893 you advanced to experience level 2. On T:1561 you reached level 4 of The Dungeons of Doom. On T:1763 you advanced to experience level 3. On T:2495 you reached level 1 of The Gnomish Mines. On T:2551 you reached level 5 of The Dungeons of Doom. On T:2621 you advanced to experience level 4. On T:3616 you advanced to experience level 5. On T:5098 you advanced to experience level 6. On T:5109 you prayed to Mars. On T:5266 you reached level 2 of The Gnomish Mines. On T:6688 you reached level 3 of The Gnomish Mines. Score breakdown: Gold: 20 ( 2 points) Experience: 6 levels ( 500 points) Exploration: 7 levels ( 180 points) Discoveries: 13 items ( 650 points) Variety of kills: 37 monsters ( 1850 points) Major goal: (nothing yet) ( 0 points) Survival: died (score multiplied by 3) Total score: 9546 Latest messages: This cram ration is bland. You finish eating the cram ration. Nowhere else around here can be automatically explored. Where do you want to travel to? You hear a door open. You stop exploring. You shoot 2 flints. The 1st flint hits the soldier ant! The 2nd flint hits the soldier ant. The soldier ant bites! The soldier ant stings! The soldier ant misses. The soldier ant stings! The soldier ant's sting was poisoned! The flint hits the soldier ant. The soldier ant misses. The soldier ant stings! The soldier ant's sting was poisoned! You feel weaker! The soldier ant bites! The soldier ant misses. The soldier ant bites! The soldier ant stings! You die... Final status: Goodbye woodfighter the Ranger, killed by a soldier ant... You died in The Gnomish Mines on dungeon level 7 with 9546 points, and 20 pieces of gold, after 7483 moves. You were level 6 with a maximum of 38 hit points when you died.